 Dungeon Crawl Stone Soup version 0.26.1-11-gd32895ea62 (webtiles) character file.

Game seed: 5754888930492643179

19 Acheron the Sneak (level 2, 0/16 HPs)
             Began as a Gargoyle Wanderer on July 6, 2021.
             Slain by an adder (4 damage)
             ... on level 2 of the Dungeon.
             The game lasted 00:06:28 (937 turns).

Acheron the Sneak (Gargoyle Wanderer)                Turns: 937, Time: 00:06:29

Health: 0/16       AC:  4    Str: 16    XL:     2   Next: 75%
Magic:  4/4        EV:  9    Int: 11    God:
Gold:   23         SH:  7    Dex:  9    Spells: 3/3 levels left

rFire    . . .     SeeInvis .   a - +0 club
rCold    . . .     Faith    .   e - +0 kite shield
rNeg     + . .     Spirit   .   d - +0 robe
rPois    ∞         Reflect  .   (no helmet)
rElec    +         Harm     .   (no cloak)
rCorr    .         Rampage  .   (no gloves)
Will     .....                  (no boots)
Stlth    ++........             (no amulet)
HPRegen  0.05/turn              (no ring)
MPRegen  0.09/turn              (no ring)

@: no status effects
A: negative energy resistance 1, electricity resistance, unbreathing,
petrification resistance, miasma immunity, AC +2
a: no special abilities


You were on level 2 of the Dungeon.
You visited 1 branch of the dungeon, and saw 2 of its levels.

You collected 23 gold pieces.

Inventory:

Hand Weapons
 a - a +0 club (weapon)
 b - a +0 quarterstaff
 f - a +0 dagger
Missiles
 h - 31 stones (quivered)
 j - 13 sling bullets
 k - 22 arrows
Armour
 d - a +0 robe (worn)
 e - a +0 kite shield (worn)
Scrolls
 i - a scroll of identify {unknown}
 l - a scroll of remove curse {unknown}
Potions
 c - 2 potions of lignification
 g - a potion of curing {unknown}


   Skills:
 * Level 1.1 Fighting
 + Level 0.1(1.2) Maces & Flails
 + Level 2.0 Staves
 * Level 1.0 Dodging
 * Level 3.0 Stealth
 * Level 1.2 Shields
 * Level 1.4 Spellcasting
 * Level 1.1 Conjurations
 * Level 1.0 Translocations


You had 3 spell levels left.
You didn't know any spells.
Your spell library was empty.

Dungeon Overview and Level Annotations

Branches:
Dungeon (2/15)

Altars:


Innate Abilities, Weirdness & Mutations

You are resistant to torment.
Your stone body is resilient. (AC +2)
You are immune to poison.
You resist negative energy. (rN+)
You are resistant to electric shocks. (rElec)
You can survive without breathing.
You are immune to petrification.
You are immune to miasma.


Message History

You barely miss the adder. The adder closely misses you.
You block the adder's attack.
You closely miss the adder. The adder bites you.
You barely miss the adder. The adder barely misses you. The adder bites you.
You closely miss the adder. The adder bites you.
* * * LOW HITPOINT WARNING * * *
You block the adder's attack.
You hit the adder.
The adder is lightly wounded.
The adder bites you but does no damage. You block the adder's attack.
You hit the adder.
The adder is heavily wounded.
The adder bites you but does no damage.
You miss the adder.
The adder is heavily wounded.
You block the adder's attack. x2
You miss the adder.
The adder is heavily wounded.
The adder barely misses you. The adder bites you.
You die...

.....§§§≈##..###.# #
§≈≈....≈≈#B.##..# #
#≈≈....§#.....######
#≈....§#..........(
#≈....(+.#...#####.
#§...(.+.#.........
##§§...§###...######
≈####§§S...≈# #...#
≈≈§≈≈≈.@..≈≈# #####
.........§≈##
....§...≈≈##
.......§≈##
§.....≈≈## ≈≈§§≈≈≈##
#######


You could see an adder.

Vanquished Creatures
  2 dart slugs
  2 bats
  4 hobgoblins
  4 kobolds
  A frilled lizard (D:2)
  2 rats
15 creatures vanquished.

Notes
Turn   | Place    | Note
-------+----------+-------------------------------------------
     0 | D:1      | Acheron the Gargoyle Wanderer began the quest for the Orb.
     0 | D:1      | Acheron set off with the following items: a +0 club, a +0
                  | quarterstaff, a potion of lignification, a +0 robe, a +0
                  | kite shield, a +0 dagger
     0 | D:1      | Reached XP level 1. HP: 12/12 MP: 2/2
   240 | D:1      | Reached XP level 2. HP: 14/16 MP: 4/4
   887 | D:2      | Reached skill level 3 in Stealth
   937 | D:2      | Slain by an adder

Illustrated notes

Levels and vault maps discovered:
D:1:      zaba_arrival_water, layout_basic
D:2:      layout_rooms, lemuel_coloured_pillars_altar, amcnicky_mini_pool_small,
          kennysheep_big_empty_room

Skill      XL: |  1  2 |
---------------+-------+-----
Stealth        | 3 |  3.0
Fighting       | |  1.1
Maces & Flails | |  0.1
Staves         | |  2.0
Dodging        | |  1.0
Shields        | |  1.2
Spellcasting   | |  1.4
Conjurations   | |  1.1
Translocations | |  1.0

Action                   || total
-------------------------++-------
Melee: Club              ||    74
 Stab: Sleeping          ||     3
Armor: Robe              ||    13
Dodge: Dodged            ||    30
Block: Kite shield       ||    36
